 Dungeon Crawl Stone Soup version 0.25.1-2-g60ff931df9 (webtiles) character file.

Game seed: 1325627704198942840

180 Delamore the Shield-Bearer (level 5, 0/34 HPs)
             Began as a Gargoyle Fighter on Sept 24, 2020.
             Slain by Grinder (4 damage)
             ... while paralysed by Grinder
             ... on level 3 of the Dungeon.
             The game lasted 00:02:30 (2218 turns).

Delamore the Shield-Bearer (Gargoyle Fighter)       Turns: 2218, Time: 00:02:31

Health: 0/34       AC: 13    Str: 21    XL:     5   Next: 60%
Magic:  5/5        EV:  2    Int:  8    God:
Gold:   167        SH:  0    Dex:  9    Spells: 4/4 levels left

rFire    . . .     SeeInvis +   a - +0 flail
rCold    . . .     Gourm    .   c - +0 kite shield
rNeg     + . .     Faith    .   g - +0 chain mail
rPois    ∞         Spirit   .   (no helmet)
rElec    +         Reflect  .   (no cloak)
rCorr    .         Harm     .   (no gloves)
MR       .....                  (no boots)
Stlth    ..........             (no amulet)
HPRegen  0.11/turn              k - ring of see invisible
MPRegen  0.09/turn              (no ring)

@: paralysed
A: negative energy resistance 1, electricity resistance, unbreathing,
petrification resistance, rot immunity, AC +4
a: no special abilities


You were on level 3 of the Dungeon.
You were not hungry.

You visited 1 branch of the dungeon, and saw 3 of its levels.

You collected 167 gold pieces.

Inventory:

Hand Weapons
 a - a +0 flail (weapon)
Missiles
 l - 16 poisoned darts (quivered)
Armour
 b - a +0 scale mail
 c - a +0 kite shield (worn)
 g - a +0 chain mail (worn)
Jewellery
 k - a ring of see invisible (left hand)
Scrolls
 h - a scroll of identify {unknown}
 m - a scroll of magic mapping {unknown}
 p - 2 scrolls of teleportation {unknown}
 r - a scroll of random uselessness {unknown}
 s - a scroll of enchant weapon {unknown}
 u - a scroll of remove curse {unknown}
Potions
 d - a potion of might
 i - a potion of haste
 j - 2 potions of lignification {unknown}
 o - 2 potions of curing {unknown}
 q - a potion of stabbing {unknown}
 t - a potion of ambrosia {unknown}
Comestibles
 f - 4 rations


   Skills:
 + Level 4.7 Fighting
 + Level 3.5 Maces & Flails
 - Level 3.2 Armour
 + Level 4.7 Shields


You had 4 spell levels left.
You didn't know any spells.
Your spell library was empty.

Dungeon Overview and Level Annotations

Branches:
Dungeon (3/15)

Altars:
Ashenzari
Cheibriados
Dithmenos
Fedhas
Gozag
Hepliaklqana
Kikubaaqudgha
Ru
Trog
Xom
Yredelemnul

Annotations:
D:3 Grinder


Innate Abilities, Weirdness & Mutations

You are resistant to torment.
Your stone body is resilient. (AC +4)
You are immune to poison.
You resist negative energy. (rN+)
You are resistant to electric shocks. (rElec)
You can survive without breathing.
You are immune to petrification.
You are immune to rotting.


Message History

You are too injured to fight recklessly!
You are too injured to fight recklessly!
You are too injured to fight recklessly!
You are too injured to fight recklessly!
You are too injured to fight recklessly!
You are too injured to fight recklessly!
Grinder hits you.
* * * LOW HITPOINT WARNING * * *
You writhe in agony.
* * * LOW HITPOINT WARNING * * *
Grinder hits you but does no damage.
You hit Grinder.
Grinder is lightly wounded.
Grinder gestures at you. Pain shoots through your body!
* * * LOW HITPOINT WARNING * * *
Grinder gestures at you.
You suddenly lose the ability to move!
Grinder hits you.
You die...

#####
#.....)÷........#
#......###'###..#
#......# #.# #..#
......#.###.###..#
#....###.###_..'..#
#.......^###.###.##
#....###.# #.#
#.#######
#.###+###.......#
#...5@..........#
.....>......(.....#
####+###..........#
.?..........#
..............#
...............#
...............#
.......#########


You could see Grinder (fast).

Vanquished Creatures
  An ogre (D:3)
  3 adders
  An ooze (D:2)
  3 worms
  3 dart slugs
  A leopard gecko (D:2)
  4 giant cockroaches
  5 goblins
  6 hobgoblins
  4 jackals (D:3)
  11 kobolds
  A quokka (D:2)
  3 bats
  5 frilled lizards
  2 rats
53 creatures vanquished.

Notes
Turn   | Place    | Note
-------+----------+-------------------------------------------
     0 | D:1      | Delamore the Gargoyle Fighter began the quest for the Orb.
     0 | D:1      | Reached XP level 1. HP: 14/14 MP: 1/1
    87 | D:1      | Reached XP level 2. HP: 19/19 MP: 2/2
   626 | D:2      | Reached XP level 3. HP: 11/24 MP: 3/3
   792 | D:2      | Found a basalt altar of Yredelemnul.
  1168 | D:2      | Reached XP level 4. HP: 28/29 MP: 4/4
  1233 | D:2      | Found a hazy altar of Hepliaklqana.
  1359 | D:2      | Found an ancient bone altar of Kikubaaqudgha.
  1361 | D:2      | Found a blossoming altar of Fedhas.
  1571 | D:3      | Noticed an ogre
  1582 | D:3      | Killed an ogre
  1582 | D:3      | Reached XP level 5. HP: 20/34 MP: 5/5
  1638 | D:3      | Found an opulent altar of Gozag.
  1638 | D:3      | Found a sacrificial altar of Ru.
  1640 | D:3      | Found a bloodstained altar of Trog.
  1760 | D:3      | Found a snail-covered altar of Cheibriados.
  1761 | D:3      | Found a shadowy altar of Dithmenos.
  1766 | D:3      | Found a shattered altar of Ashenzari.
  2185 | D:3      | Found a shimmering altar of Xom.
  2192 | D:3      | Noticed Grinder
  2217 | D:3      | Paralysed by Grinder for 2 turns
  2218 | D:3      | Slain by Grinder

Illustrated notes

Levels and vault maps discovered:
D:1:      shiori_arrival_oz, layout_rooms
D:2:      layout_basic, grunt_temple_overflow_growth_and_decay,
          old_standard_altar, nicolae_overflow_hidden_temple
D:3:      layout_basic, lemuel_doored_altar, grunt_temple_overflow_open,
          first_ration, ashenzari_altar_1, uniq_grinder

Skill      XL: |  1  2  3  4 |
---------------+-------------+-----
Fighting       | 4 |  4.7
Shields        | 4 |  4.7
Maces & Flails | 3 |  3.5
Armour         | |  3.2

Action                   |  1- 3 |  4- 6 || total
-------------------------+-------+-------++-------
Melee: Flail             |   108 |   117 ||   225
Throw: Dart              |       |     5 ||     5
       Throwing net      |       |     3 ||     3
  Eat: Chunk             |     1 |     4 ||     5
Armor: Scale mail        |    13 |       ||    13
       Chain mail        |    47 |    75 ||   122
Dodge: Dodged            |    28 |    40 ||    68
Block: Kite shield       |    43 |    76 ||   119
